 Dungeon Crawl Stone Soup version 0.22.1-2-g9c5b331 (console) character file.

56 verb the Conjurer (level 3, 0/14 HPs)
             Began as a Felid Conjurer on Dec 23, 2018.
             Slain by an adder (1 damage)
             ... on level 3 of the Dungeon.
             The game lasted 00:16:17 (1614 turns).

verb the Conjurer (Felid Conjurer)                  Turns: 1614, Time: 00:16:18

Health: 0/14       AC:  1    Str:  4    XL:     3   Next: 69%
Magic:  0/7        EV: 21    Int: 17    God:
Gold:   78         SH:  0    Dex: 16    Spells: 3/6 levels left
                                        Lives:  0   Deaths: 0

rFire    . . .     SeeInvis +   (weapon unavailable)
rCold    . . .     Gourm    .   (shield unavailable)
rNeg     . . .     Faith    .   (armour unavailable)
rPois    +         Spirit   .   (helmet unavailable)
rElec    .         Reflect  .   (cloak unavailable)
rCorr    .         Harm     .   (gloves unavailable)
MR       .....                  (boots unavailable)
Stlth    ++........             (no amulet)
HPRegen  0.04/turn              c - ring of poison resistance
MPRegen  0.10/turn              a - +3 ring of evasion

@: flying, quick
A: very small, no armour, no weapons or thrown items, stealth, claws 1, fangs 3,
see invisible, carnivore, speed 1, shaggy fur 1, slow metabolism 1, sharp paws
a: no special abilities


You were on level 3 of the Dungeon.
You were full.

You visited 1 branch of the dungeon, and saw 3 of its levels.

You collected 78 gold pieces.

Inventory:

Jewellery
 a - a +3 ring of evasion (right paw)
 c - a ring of poison resistance (left paw)
 h - an uncursed ring of teleportation
Scrolls
 g - a scroll of remove curse
Comestibles
 b - 3 rations


   Skills:
 + Level 2.6 Dodging
 + Level 2.8 Stealth
 + Level 0.8 Unarmed Combat
 + Level 2.1 Spellcasting
 + Level 4.7 Conjurations


You had 3 spell levels left.
You knew the following spells:

 Your Spells              Type           Power        Failure   Level  Hunger
a - Magic Dart            Conj           ###.         2%          1    #......
b - Searing Ray           Conj           ###...       4%          2    ###....

Your spell library contained the following spells:

 Spells                   Type           Power        Failure   Level  Hunger
 Dazzling Spray           Conj/Hex       #.....       22%         3    ###....
 Iskenderun's Mystic Bla  Conj           ###.....     26%         4    #####..
 Force Lance              Conj/Tloc      #.......     58%         4    #####..
 Fulminant Prism          Conj/Hex       #.........   58%         4    #####..


Dungeon Overview and Level Annotations

Branches:
Dungeon (3/15)

Altars:
Ashenzari


Innate Abilities, Weirdness & Mutations

You cannot wear armour.
You are incapable of wielding weapons or throwing items.
Your paws allow you to move quietly. (Stealth)
You have sharp claws.
You have razor-sharp teeth.
You have supernaturally acute eyesight. (SInv)
You are carnivorous and can eat meat at any time.
You cover ground quickly.
You are covered in fur. (AC +1)
You have a slow metabolism.
Your sharp claws are effective at attacking unaware monsters.


Message History

You miss the adder.
The adder is moderately wounded.
The adder completely misses you. The jackal closely misses you.
The adder You scratch the adder but do no damage.
The adder is moderately wounded.
The jackal barely misses you. The adder misses you.
You miss the adder.
The adder is moderately wounded.
The jackal bites you.
* * * LOW HITPOINT WARNING * * *
The adder completely misses you. The jackal completely misses you.
You barely miss the adder.
The adder is moderately wounded.
The adder bites you.
* * * LOW HITPOINT WARNING * * *
The jackal misses you. The adder misses you.
As you read the scroll of fog, it crumbles to dust.
The scroll dissolves into smoke.
The jackal barely misses you. The adder The adder bites you.
You die...

**** ,,,* * ,*,* ******
,*,*********** *,,,,,
**,,,,,,,,,,,* *,,,,,
********###+*** *,,,,,
*,,,,,,....,,* *,,,,,
*,*****#....,* ***+**
*,*****#....h###############.#
*>,,,,,....hhh@SK†...!......>#
*****<*###############.#####.*
*,* #.S# *,* *,************ ##.##
*,** ****,,,*,,,,,,,,* #..# *,,,
*,,,,,,,,,,,,,,,* ##r# *,,,
****,,,,,,,,,,,,,,,* #.# *,,,
*,,,,,,,,,,,,,,,,,,* #.##*,,,
*,,,,,,,,,,,,,,,,,,#######K.##...
*,,,,,*****,,,,,,,,#%.r..........
*,,,,,* *****,,,*#K######S.#.##


You could see an adder, 3 jackals and a kobold.

Vanquished Creatures
  2 adders
  3 dart slugs
  A leopard gecko (D:3)
  A ball python (D:2)
  5 bats (D:2)
  A giant cockroach (D:1)
  3 hobgoblins
  2 jackals (D:1)
  A quokka (D:3)
  A frilled lizard (D:2)
  6 kobolds
  3 rats
29 creatures vanquished.

Notes
Turn   | Place    | Note
-------+----------+-------------------------------------------
     0 | D:1      | verb the Felid Conjurer began the quest for the Orb.
     0 | D:1      | Reached XP level 1. HP: 7/7 MP: 4/4
   205 | D:1      | Found a shattered altar of Ashenzari.
   403 | D:1      | Reached skill level 4 in Conjurations
   403 | D:1      | Reached XP level 2. HP: 11/11 MP: 1/6
   460 | D:1      | Learned a level 2 spell: Searing Ray
  1048 | D:2      | Reached XP level 3. HP: 14/14 MP: 1/7
  1614 | D:3      | Slain by an adder

Skill      XL: |  1 |
---------------+----+-----
Conjurations   | 4 |  4.7
Dodging        | |  2.6
Stealth        | |  2.8
Unarmed Combat | |  0.8
Spellcasting   | |  2.1

Action                   || total
-------------------------++-------
Melee: Unarmed           ||    53
       Bite              ||     2
 Cast: Magic Dart        ||    43
       Searing Ray       ||     6
  Use: Scroll            ||     5
       Potion            ||     1
 Stab: Sleeping          ||     1
  Eat: Chunk             ||     6
Armor: Skin              ||    11
Dodge: Dodged            ||   111
